 Dungeon Crawl Stone Soup version 0.30-a0-879-ga8ba668304 (webtiles) character file.

Game seed: 5003502858127761212

43 PLAYERX the Covered (level 3, 0/25 HPs)
             Began as a Gnoll Wanderer on Mar 12, 2023.
             Succumbed to an adder's poison
             ... on level 2 of the Dungeon.
             The game lasted 00:09:34 (1517 turns).

PLAYERX the Covered (Gnoll Wanderer)                Turns: 1517, Time: 00:09:34

Health: 0/25       AC:  6    Str: 11    XL:     3   Next: 58%
Magic:  7/7        EV: 10    Int: 11    God:
Gold:   59         SH:  0    Dex: 13    Spells: 7/7 levels left

rFire   . . .      SeeInvis .    a - +0 falchion
rCold   . . .      Faith    .    (no shield)
rNeg    . . .      Spirit   .    b - +0 ring mail
rPois   .          Reflect  .    (no helmet)
rElec   .          Rampage  .    (no cloak)
rCorr   .                        (no gloves)
Will    .....                    (no boots)
Stlth   ++                       (no amulet)
HPRegen 0.24/turn                (no ring)
MPRegen 0.10/turn                (no ring)

@: lethally poisoned (0 -> -4)
A: fangs 1, strong nose, distributed training
a: no special abilities


You were on level 2 of the Dungeon.
You visited 1 branch of the dungeon, and saw 2 of its levels.

You collected 59 gold pieces.

Inventory:

Hand Weapons
 a - a +0 falchion (weapon)
Missiles
 j - 27 stones (quivered)
 l - a throwing net
Armour
 b - a +0 ring mail (worn)
Scrolls
 c - a scroll of noise {unknown}
 d - 3 scrolls of identify {unknown}
 e - 2 scrolls of vulnerability {unknown}
 g - a scroll of acquirement {unknown}
 h - a scroll of poison {unknown}
 m - a scroll of torment {unknown}
Potions
 f - a potion of resistance {unknown}
 i - a potion of mutation {unknown}
 k - a potion of flight {unknown}
 n - a potion of curing {unknown}
 o - 2 potions of lignification {unknown}


   Skills:
 + Level 0.9 Fighting
 + Level 0.9 Short Blades
 + Level 4.5 Long Blades
 + Level 0.9 Axes
 + Level 0.9 Maces & Flails
 + Level 0.9 Polearms
 + Level 0.9 Staves
 + Level 0.9 Ranged Weapons
 + Level 0.9 Throwing
 + Level 6.5 Armour
 + Level 0.9 Dodging
 + Level 6.0 Stealth
 + Level 0.9 Shields
 + Level 0.9 Unarmed Combat
 + Level 2.8 Spellcasting
 + Level 0.6 Conjurations
 + Level 0.6 Hexes
 + Level 0.6 Summonings
 + Level 0.6 Necromancy
 + Level 0.6 Translocations
 + Level 0.6 Transmutations
 + Level 0.6 Fire Magic
 + Level 0.6 Ice Magic
 + Level 0.6 Air Magic
 + Level 0.6 Earth Magic
 + Level 0.6 Poison Magic
 + Level 1.0 Invocations
 + Level 2.6 Evocations


You had 7 spell levels left.
You didn't know any spells.
Your spell library was empty.

Dungeon Overview and Level Annotations

Branches:
Dungeon (2/15)

Altars:


Innate Abilities, Weirdness & Mutations

You have very sharp teeth.
Your uncanny sense of smell can sniff out nearby items.
Your experience applies equally to all skills.


Message History

The adder is heavily wounded.
You feel sick. The adder bites you.
You are more poisoned.
The adder poisons you!
You miss the adder.
The adder is heavily wounded.
You feel very sick. The adder bites you but does no damage.
You are too injured to fight recklessly!
You are too injured to fight recklessly!
You are too injured to fight recklessly!
You are too injured to fight recklessly!
You are too injured to fight recklessly!
You barely miss the adder.
The adder is heavily wounded.
You feel sick. The adder bites you but does no damage. The adder bites you.
You are lethally poisoned!
The adder poisons you!
You barely miss the adder.
The adder is heavily wounded.
* * * LOW HITPOINT WARNING * * *
You feel very sick. The adder closely misses you.
You barely miss the adder.
The adder is heavily wounded.
* * * LOW HITPOINT WARNING * * *
You feel sick. The adder bites you but does no damage.
The adder closely misses you.
You miss the adder. Your bite misses the adder.
The adder is heavily wounded.
* * * LOW HITPOINT WARNING * * *
You feel sick. The adder bites you.
* * * LOW HITPOINT WARNING * * *
You hit the adder but do no damage.
The adder is heavily wounded.
* * * LOW HITPOINT WARNING * * *
You feel sick. The adder bites you but does no damage.
You hit the adder.
The adder is almost dead.
You die...

#........ #........ ######
#........ #..... ###.#.### . ....
#.....# ... ... #.....###
....###.# #.......#
#.....########....##.#
#.#S@.......#....##.#
#................##..
###..?......#....####
##........#....# #
#.........#..## #
.#..#........#.........#..# #
...#..................#..# #
#...........#............# #
####.#.........#........##..#####


You could see an adder.

Vanquished Creatures
  An adder (D:2)
  A gnoll (D:1)
  2 bats
  An endoplasm (D:1)
  2 giant cockroaches (D:1)
  3 goblins
  A hobgoblin (D:1)
  2 kobolds (D:1)
  5 ball pythons (D:1)
  6 rats
24 creatures vanquished.

Vanquished Creatures (others)
  3 plants (D:1)
3 creatures vanquished.

Grand Total: 27 creatures vanquished

Notes
Turn   | Place    | Note
-------+----------+-------------------------------------------
     0 | D:1      | PLAYERX the Gnoll Wanderer began the quest for the Orb.
     0 | D:1      | PLAYERX set off with the following items: a +0 dagger, 2
                  | atropa-tipped darts, a datura-tipped dart, a +0 falchion, a
                  | +0 scale mail, a scroll of blinking.
     0 | D:1      | Reached XP level 1. HP: 13/13 MP: 4/4
   301 | D:1      | Reached XP level 2. HP: 19/19 MP: 5/5
   508 | D:1      | Found a faded altar of an unknown god.
   699 | D:1      | Reached XP level 3. HP: 14/25 MP: 7/7
  1302 | D:2      | Reached skill level 1 in Invocations
  1515 | D:2      | HP: 1/25 [adder (1)]
  1517 | D:2      | Succumbed to an adder's poison

Illustrated notes

Levels and vault maps discovered:
D:1:      dpeg_arrival_solitude, layout_loops_ring,
          shapermc_ecumenical_altar_mp_urbaneastern, fountainhead
D:2:      layout_rooms

Skill      XL: |  1  2  3 |
---------------+----------+-----
Stealth        | 6 |  6.0
Invocations    | 1 |  1.0
Fighting       | |  0.9
Short Blades   | |  0.9
Long Blades    | |  4.5
Axes           | |  0.9
Maces & Flails | |  0.9
Polearms       | |  0.9
Staves         | |  0.9
Ranged Weapons | |  0.9
Throwing       | |  0.9
Armour         | |  6.5
Dodging        | |  0.9
Shields        | |  0.9
Unarmed Combat | |  0.9
Spellcasting   | |  2.8
Conjurations   | |  0.6
Hexes          | |  0.6
Summonings     | |  0.6
Necromancy     | |  0.6
Translocations | |  0.6
Transmutations | |  0.6
Fire Magic     | |  0.6
Ice Magic      | |  0.6
Air Magic      | |  0.6
Earth Magic    | |  0.6
Poison Magic   | |  0.6
Evocations     | |  2.6

Action                     || total
---------------------------++-------
  Melee: Falchion          ||    85
         Bite              ||     9
    Use: Scroll            ||     1
   Stab: Sleeping          ||     3
 Armour: Scale mail        ||    30
         Ring mail         ||    11
  Dodge: Dodged            ||    34

Table legend: (Time is in decaauts)
 A = Elapsed time spent in this place.
 B = Non-inter-level travel time spent in this place.
 C = Inter-level travel time spent in this place.
 D = Time resting spent in this place.
 E = Time spent auto-exploring this place.
 F = Levels seen in this place.
 G = Mean time per level.
                   A        B        C        D        E       F      G
               +--------+--------+--------+--------+--------+-----+--------+
         Total |   1524 |   1456 |     68 |    237 |    834 |   2 |  762.0 |
       Dungeon |   1524 |   1456 |     68 |    237 |    834 |   2 |  762.0 |
               +--------+--------+--------+--------+--------+-----+--------+

Top non-repeatable levels by time:
     D:1: 1143 daAuts
     D:2: 381 daAuts
